 Dungeon Crawl Stone Soup version 0.19-a0-1908-g43c011f (webtiles) character file.

7362 Duralumin the Destroyer (level 10, -3/63 HPs)
             Began as a Mummy Conjurer on Oct 22, 2016.
             Was a Priest of Ashenzari.
             Killed from afar by an electric eel (9 damage)
             ... with a bolt of electricity
             ... on level 1 of the Lair of Beasts.
             The game lasted 01:25:19 (11874 turns).

Duralumin the Destroyer (Mummy Conjurer)           Turns: 11874, Time: 01:25:19

Health: -3/63      AC:  8    Str: 11    XL:     10   Next: 91%
Magic:  10/18      EV: 12    Int: 18    God:    Ashenzari [***...]
Gold:   709        SH:  0    Dex: 13    Spells: 7 memorised, 3 levels left

rFire  x . .     SeeInvis +     M - staff of conjuration (curse)
rCold  + . .     Gourm    .     m - +0 robe (curse)
rNeg   + + +     Faith    .     (no shield)
rPois  ∞         Spirit   .     n - +0 helmet
rElec  .         Reflect  .     A - +0 cloak
rCorr  +         Harm     .     s - +2 pair of gloves
MR     +....                    D - +0 pair of boots
Stlth  ++........               (no amulet)
                                (no ring)
                                h - ring of resist corrosion

@: no status effects
A: no food or potions, fire vulnerability, cold resistance 1, negative energy
resistance 3, torment resistance, unbreathing
a: Curse Item, Scrying, Renounce Religion


You were on level 1 of the Lair of Beasts.
You worshipped Ashenzari.
Ashenzari was most pleased with you.
You were not hungry.

You visited 2 branches of the dungeon, and saw 11 of its levels.

You collected 709 gold pieces.

Inventory:

Hand Weapons
 e - a +0 short sword
 f - a +0 dagger
 r - the +3 rapier "Rytiytox" {drain, rC+ Int+2}
   (You found it on level 5 of the Dungeon)

   A truly terrible weapon, it drains the life of those it strikes.
   It affects your intelligence (+2).
   It protects you from cold.
 K - a +0 blowgun
Missiles
 g - a throwing net (quivered)
 L - 48 poisoned needles
 N - 5 javelins
Armour
 a - a +0 robe
 j - a +1 leather armour of fire resistance
 m - a cursed +0 robe (worn)
 n - a +0 helmet (worn)
 s - a +2 pair of gloves (worn)
 A - a +0 cloak (worn)
 D - a +0 pair of boots (worn)
Magical Staves
 M - a cursed staff of conjuration (weapon)
Jewellery
 h - a ring of resist corrosion (left hand)
 w - an uncursed ring of protection from cold
Wands
 v - a wand of polymorph (8/24)
 x - a wand of digging (14/24)
 y - a wand of lightning (13/15)
 z - a wand of acid (12/15)
 E - a wand of digging (10/24)
 H - a wand of acid (5/15)
Scrolls
 c - 7 scrolls of identify
 d - 7 scrolls of remove curse
 i - a scroll of blinking {unknown}
 k - 2 scrolls of enchant armour {unknown}
 l - a scroll of fear {unknown}
 o - 2 scrolls of enchant weapon {unknown}
 p - 6 scrolls of teleportation
 q - a scroll of amnesia {unknown}
 t - a scroll of vulnerability {unknown}
 B - 2 scrolls of magic mapping {unknown}
 F - 3 scrolls of recharging {unknown}
 G - a scroll of summoning {unknown}
 I - 3 scrolls of immolation
Books
 b - a book of Conjurations

   Spells                             Type                      Level
   a - Magic Dart                     Conjuration                  1
   b - Searing Ray                    Conjuration                  2
   c - Dazzling Spray                 Conjuration/Hexes            3
   d - Fulminant Prism                Conjuration/Hexes            4
   e - Iskenderun's Mystic Blast      Conjuration                  4
   f - Iskenderun's Battlesphere      Conjuration/Charms           5
 u - a book of Minor Magic

   Spells                             Type                      Level
   a - Magic Dart                     Conjuration                  1
   b - Blink                          Translocation                2
   c - Call Imp                       Summoning                    2
   d - Repel Missiles                 Charms/Air                   2
   e - Slow                           Hexes                        2
   f - Conjure Flame                  Conjuration/Fire             3
   g - Mephitic Cloud                 Conjuration/Poison/Air       3
 C - a book of Maledictions

   Spells                             Type                      Level
   a - Corona                         Hexes                        1
   b - Ensorcelled Hibernation        Hexes/Ice                    2
   c - Confuse                        Hexes                        3
   d - Tukima's Dance                 Hexes                        3
   e - Dazzling Spray                 Conjuration/Hexes            3
 J - a Young Poisoner's Handbook

   Spells                             Type                      Level
   a - Sting                          Conjuration/Poison           1
   b - Mephitic Cloud                 Conjuration/Poison/Air       3
   c - Olgreb's Toxic Radiance        Poison                       4
   d - Alistair's Intoxication        Transmutation/Poison         5
   e - Venom Bolt                     Conjuration/Poison           5
Miscellaneous
 O - a phial of floods


   Skills:
 - Level 1.5 Dodging
 - Level 1.5 Stealth
 - Level 5.8(8.8) Spellcasting
 + Level 11.5 Conjurations
 + Level 5.0 Charms
 - Level 3.1 Translocations
 - Level 3.0 Air Magic


You had 3 spell levels left.
You knew the following spells:

 Your Spells              Type           Power        Failure   Level  Hunger
a - Magic Dart            Conj           ####         1%          1    N/A
b - Searing Ray           Conj           ######       1%          2    N/A
c - Dazzling Spray        Conj/Hex       #####.       2%          3    N/A
d - Iskenderun's Mystic   Conj           ######..     1%          4    N/A
e - Repel Missiles        Chrm/Air       ###...       2%          2    N/A
f - Mephitic Cloud        Conj/Pois/Air  #####...     3%          3    N/A
g - Blink                 Tloc           N/A          4%          2    N/A

Dungeon Overview and Level Annotations

Branches:
Dungeon (10/15)            Temple (0/1) D:5            Lair (1/6) D:9
    Orc: D:9-12

Altars:
Ashenzari
Makhleb
Nemelex Xobeh

Shops:
D:7 (

Annotations:
D:8 Gastronok


Innate Abilities, Weirdness & Mutations

You do not eat or drink.
Your flesh is vulnerable to fire.
You are immune to poison.
Your flesh is cold resistant. (rC+)
You are immune to negative energy. (rN+++)
You are immune to unholy pain and torment.
You can survive without breathing.


Message History

The mystic blast hits the plant.
The plant is moderately damaged.
You hear an angry hiss.
You hear a roar!
The electric eel shoots out a bolt of lightning at you!
The bolt of electricity hits the plant. x2; The bolt of electricity hits you!
* * * LOW HITPOINT WARNING * * *
The electric eel shoots out a bolt of lightning at you!
The bolt of electricity hits the plant. x2; The bolt of electricity hits you!
* * * LOW HITPOINT WARNING * * *
Casting: Iskenderun's Mystic Blast
Confirm with . or Enter, or press ? or * to list all spells.
Aiming: Iskenderun's Mystic Blast
Press: ? - help, Shift-Dir - straight line, f - electric eel
Aim: an electric eel
Okay, then.
Unknown command.
Unknown command.
The electric eel shoots out a bolt of lightning at you!
The bolt of electricity hits the plant. x2; The bolt of electricity hits you!
You die...

..............:..........#
##♣♣P.
............####.##.####.#
#≈♣≈≈. ............#
#.#### #.# ♣♣≈≈..
..#.#####...# #.# #.#
♣P≈≈.. ..### #...# #.# #.#
♣≈≈≈.. ..# #...# #.. #.#
♣≈≈≈.. ..# #...##*#.#
#.#♣♣≈≈≈.. ..#
#...#.##.#### #..♣♣≈≈...
#..>....M##.####...♣≈≈...
#..................♣P≈≈..
#....P...≈..........♣≈...
#...P≈P†PPP...#.###.#♣...
**
#..PPP≈≈≈PP...#.....#....
, ,
...≈P≈≈≈♣≈≈...+.....#....
...PP♣≈♣♣≈P...#.#####....
..≈P;≈≈♣≈≈≈P.............
...≈♣≈♣P♣♣≈.≈............


You could see an electric eel.

Vanquished Creatures
  A centaur warrior (D:10)
  A spiny frog (Lair:1)
  A troll (D:9)
  3 hippogriffs
  Sigmund (D:2)
  A spriggan (D:7)
  2 wyverns (D:10)
  2 yaks (D:10)
  A hungry ghost (D:10)
  Edmund (D:6)
  A water moccasin (D:10)
  A porcupine (Lair:1)
  2 black bears
  A sky beast (D:6)
  3 phantoms
  2 ice beasts
  3 ogres
  2 centaurs
  A crocodile (Lair:1)
  3 big kobolds
  4 bullfrogs
  A water moccasin skeleton (D:10)
  12 killer bees
  6 scorpions
  2 howler monkeys
  5 electric eels
  7 crimson imps
  2 centaur zombies
  A quasit (D:9)
  A bullfrog zombie (D:6)
  A centaur skeleton (D:6)
  7 hounds
  2 jellies
  3 orc priests
  2 bullfrog skeletons
  7 iguanas
  3 orc wizards (D:8)
  7 worker ants
  A howler monkey zombie (D:9)
  2 worker ant zombies
  Robin (D:4)
  4 gnolls (D:3)
  8 adders
  An ooze (D:2)
  3 adder zombies
  3 adder skeletons
  2 worms
  2 dart slugs (D:1)
  5 leopard geckos
  30 orcs
  5 giant cockroaches
  20 goblins
  6 hobgoblins
  11 jackals
  3 quokkas
  A ball python (D:3)
  3 bats
  6 frilled lizards
  21 kobolds
  A leopard gecko skeleton (D:4)
  6 rats
251 creatures vanquished.

Vanquished Creatures (others)
  8 fungi (D:9)
8 creatures vanquished.

Grand Total: 259 creatures vanquished

Notes
Turn   | Place    | Note
-------+----------+-------------------------------------------
     0 | D:1      | Duralumin the Mummy Conjurer began the quest for the Orb.
     0 | D:1      | Reached XP level 1. HP: 13/13 MP: 3/3
   336 | D:1      | Reached XP level 2. HP: 19/19 MP: 3/5
   357 | D:1      | Learned a level 2 spell: Searing Ray
   739 | D:1      | Reached skill level 4 in Conjurations
  1073 | D:2      | Reached XP level 3. HP: 23/24 MP: 6/6
  1081 | D:2      | Learned a level 3 spell: Dazzling Spray
  1202 | D:2      | Noticed Sigmund
  1422 | D:2      | Found a shattered altar of Ashenzari.
  1426 | D:2      | Became a worshipper of Ashenzari the Shackled
  2106 | D:3      | Reached XP level 4. HP: 30/30 MP: 4/8
  2304 | D:3      | Noticed an ogre
  2369 | D:3      | Reached XP level 5. HP: 14/35 MP: 0/10
  2566 | D:3      | Found a burning altar of Makhleb.
  2763 | D:3      | Reached * piety under Ashenzari
  2815 | D:3      | Killed an ogre
  2815 | D:3      | Reached skill level 5 in Conjurations
  2815 | D:3      | Reached XP level 6. HP: 29/41 MP: 2/12
  3012 | D:4      | Learned a level 4 spell: Iskenderun's Mystic Blast
  3037 | D:4      | Noticed Robin
  3269 | D:4      | Killed Robin
  3985 | D:5      | Entered Level 5 of the Dungeon
  3989 | D:5      | Noticed Edmund
  4028 | D:5      | Got the rapier "Rytiytox" {drain, rC+ Int+2}
  4029 | D:5      | Identified the +3 rapier "Rytiytox" {drain, rC+ Int+2} (You found it on level 5 of the Dungeon)
  4283 | D:5      | Found a staircase to the Ecumenical Temple.
  4422 | D:5      | Reached XP level 7. HP: 46/46 MP: 9/14
  4729 | D:5      | Reached skill level 5 in Spellcasting
  4798 | D:6      | Reached skill level 6 in Conjurations
  4816 | D:6      | Learned a level 2 spell: Repel Missiles
  4824 | D:6      | Learned a level 3 spell: Mephitic Cloud
  5179 | D:6      | Reached skill level 7 in Conjurations
  5297 | D:6      | Reached XP level 8. HP: 35/52 MP: 15/15
  5883 | D:6      | Reached skill level 8 in Conjurations
  6176 | D:6      | Killed Edmund
  6260 | D:6      | Learned a level 2 spell: Blink
  6380 | D:7      | Reached skill level 9 in Conjurations
  6684 | D:7      | Found Gisim's Antique Weapon Shoppe.
  6836 | D:7      | Reached XP level 9. HP: 45/57 MP: 6/16
  7313 | D:2      | Killed Sigmund
  7313 | D:2      | Reached skill level 10 in Conjurations
  7313 | D:2      | Reached skill level 1 in Charms
  7313 | D:2      | Reached skill level 1 in Air Magic
  7659 | D:8      | Noticed Gastronok
  7764 | D:8      | Reached ** piety under Ashenzari
  8301 | D:9      | Found a sparkling altar of Nemelex Xobeh.
  8332 | D:9      | Found a staircase to the Lair.
  8396 | D:9      | Noticed a troll
  8429 | D:9      | Killed a troll
  8429 | D:9      | Reached skill level 1 in Translocations
  9477 | D:10     | Entered Level 10 of the Dungeon
  9556 | D:10     | Reached XP level 10. HP: 63/63 MP: 12/18
 10089 | D:10     | Noticed a centaur warrior
 10096 | D:10     | Killed a centaur warrior
 10510 | D:10     | Reached skill level 11 in Conjurations
 11200 | Lair:1   | Entered Level 1 of the Lair of Beasts
 11209 | Lair:1   | Noticed a spiny frog
 11215 | Lair:1   | Killed a spiny frog
 11658 | Lair:1   | Reached *** piety under Ashenzari
 11822 | Lair:1   | Reached skill level 5 in Charms
 11874 | Lair:1   | Killed from afar by an electric eel

Vault maps used:
D:1:      wheals_arrival_linesprint, st_stairs_4, minmay_misc_feat_cross,
          serial_bayou_lake_a
D:2:      nicolae_ashenzari_panopticon, first_bread, uniq_sigmund
D:3:      marbit_many_paths, st_stairs_7
D:4:      serial_corexii_hall, corexii_hall_statues_u, corexii_hall_statues_x,
          corexii_hall_statues_l, corexii_hall_statues_u,
          hangedman_decor_growths, minmay_misc_feat_doors, uniq_robin
D:5:      uniq_edmund
D:6:      minmay_cornered_nines
D:7:      serial_shops, nicolae_shop_trees, the_bakery
D:8:      uniq_gastronok
D:9:      kennysheep_mini, dpeg_oklobed_lair, kennysheep_boxes
Lair:1:   serial_bayou, serial_bayou_lagoon_a, serial_bayou_ford_a,
          serial_bayou_pond_a, serial_bayou_shore_b, serial_bayou_shore_a,
          serial_bayou_pond_b, beast_lair_carwin_5

Skill      XL: |  1  2  3  4  5  6  7  8  9 10 |
---------------+-------------------------------+-----
Conjurations   | 4 5 7 9 10 11 | 11.5
Spellcasting   | 3 4 5 |  5.8
Charms         | 2 5 |  5.0
Air Magic      | 2 3 |  3.0
Translocations | 2 3 |  3.1
Dodging        | |  1.5
Stealth        | |  1.5

Action                   |  1- 3 |  4- 6 |  7- 9 | 10-12 || total
-------------------------+-------+-------+-------+-------++-------
Melee: Dagger            |    65 |    82 |       |       ||   147
       Rapier            |       |    11 |   186 |       ||   197
       Staff             |       |       |    17 |    43 ||    60
 Fire: Blowgun           |       |       |     2 |       ||     2
 Cast: Magic Dart        |    75 |    70 |    71 |    19 ||   235
       Searing Ray       |     2 |    19 |    33 |    24 ||    78
       Iskenderun's Myst |       |     1 |    21 |    41 ||    63
       Dazzling Spray    |       |     1 |     2 |       ||     3
       Repel Missiles    |       |       |     2 |       ||     2
       Mephitic Cloud    |       |       |     3 |     3 ||     6
Evoke: Wand              |       |       |       |     1 ||     1
  Use: Scroll            |       |     2 |       |     5 ||     7
 Stab: Sleeping          |     2 |     2 |     5 |       ||     9
       Confused          |       |       |       |     1 ||     1
Armor: Robe              |     9 |    13 |    83 |    38 ||   143
Dodge: Dodged            |    37 |    99 |   160 |    67 ||   363
       Deflected         |       |       |     5 |     2 ||     7
